 Dungeon Crawl Stone Soup version 0.28.0-45-g0d030f2227 (webtiles) character file.

Game seed: 1647226343314928111

16117 croobank the Warmonger (level 12, -9/91 HPs)
             Began as a Grey Draconian Fire Elementalist on Apr 15, 2022.
             Was a High Priest of Okawaru.
             Mangled by a wolf spider (12 damage)
             ... summoned by a worldbinder
             ... in a Gauntlet on Apr 16, 2022.
             The game lasted 00:56:58 (17882 turns).

croobank the Warmonger (DrFE)                      Turns: 17882, Time: 00:57:01

Health: -9/91      AC: 14    Str: 23    XL:     12   Next: 7%
Magic:  11/24      EV: 14    Int: 21    God:    Okawaru [*****.]
Gold:   780        SH:  5    Dex: 11    Spells: 3/28 levels left

rFire   . . .      SeeInvis .   a - +2 flail (holy)
rCold   . . .      Faith    .   (no shield)
rNeg    . . .      Spirit   .   (armour unavailable)
rPois   .          Reflect  +   (helmet restricted)
rElec   .          Harm     .   (no cloak)
rCorr   .          Rampage  .   (no gloves)
Will    .....      NoTele   +   q - +0 pair of boots
Stlth   +++.......              i - amulet of reflection
HPRegen 0.25/turn               z - +6 ring of strength
MPRegen 0.19/turn               I - +6 ring of strength

@: heroic, finesse-ful
A: AC +13, amphibious, unfitting armour, cold-blooded
a: Renounce Religion, Heroism, Finesse, Duel


You were in a Gauntlet.
You worshipped Okawaru.
Okawaru was extremely pleased with you.
You visited 3 branches of the dungeon, and saw 13 of its levels.
You also visited: Gauntlet.

You collected 864 gold pieces.
You spent 84 gold pieces at shops.

Inventory:

Hand Weapons
 a - a +2 flail of holy wrath (weapon)
 b - a +2 shortbow of flaming
 r - a +1 vampiric falchion
 v - a +0 hunting sling of freezing
 w - a +0 dire flail
 C - a +0 battleaxe
 D - a +4 flail
 R - a +2 whip of freezing
 S - a +0 great mace
 U - a +0 hand crossbow
Missiles
 e - a silver boomerang
 f - 273 stones
 g - 63 bolts
 h - 6 javelins
 o - 4 boomerangs
 p - 33 poisoned darts
 s - 86 arrows
 u - 153 sling bullets
 O - a silver javelin
 P - a throwing net
Armour
 q - a +0 pair of boots (worn)
 Z - a +0 buckler
Magical Staves
 K - a staff of conjuration
Jewellery
 i - an amulet of reflection (around neck)
 x - a ring of flight
 z - a +6 ring of strength (left hand)
 E - a ring of see invisible
 I - a +6 ring of strength (right hand)
 J - an amulet of faith
Wands
 m - a wand of digging (13)
 F - a wand of polymorph (6)
 M - a wand of flame (27)
 T - a wand of iceblast (7)
Scrolls
 c - a scroll of enchant weapon {unknown}
 d - a scroll of teleportation
 j - 3 scrolls of immolation
 y - a scroll of fear
 H - a scroll of amnesia
Potions
 k - 2 potions of ambrosia
 l - 4 potions of flight
 n - 4 potions of curing
 t - 2 potions of haste
 A - a potion of experience {unknown}
 B - 2 potions of degeneration
 G - a potion of brilliance
 L - 3 potions of lignification
 Q - a potion of invisibility
 W - a potion of magic {unknown}
 Y - a potion of mutation {unknown}


   Skills:
 + Level 4.1(9.1) Fighting
 + Level 0.0(5.0) Maces & Flails
 - Level 1.9(6.9) Dodging
 - Level 2.0(7.0) Stealth
 * Level 8.9 Spellcasting
 - Level 6.3 Conjurations
 - Level 7.0 Fire Magic
 - Level 9.0 Air Magic
 * Level 10.8 Invocations


You had 3 spell levels left.
You knew the following spells:

 Your Spells              Type           Power      Damage    Failure   Level
a - Foxfire               Conj/Fire      100%       2x1d9     1%          1
b - Scorch                Fire           76%        2d9       1%          2
c - Flame Wave            Conj/Fire      37%        2d9       4%          4
d - Conjure Flame         Conj/Fire      37%        6-21      1%          3
e - Ensorcelled Hibernat  Hex/Ice        18%        N/A       11%         2
f - Maxwell's Capacitive  Air            23%        ∞         100%        8
g - Swiftness             Air            47%        N/A       1%          3
h - Passwall              Tmut/Erth      7%         N/A       11%         2

Your spell library contained the following spells:

 Spells                   Type           Power      Damage    Failure   Level
 Static Discharge         Conj/Air       41%        N/A       1%          2
 Inner Flame              Hex/Fire       24%        N/A       5%          3
 Lightning Bolt           Conj/Air       20%        1d35      9%          5
 Orb of Destruction       Conj           17%        9d7       99%         7
 Summon Guardian Golem    Hex/Summ       Unusable   N/A       N/A         3
 Spellforged Servitor     Conj/Summ      Unusable   N/A       N/A         7

Dungeon Overview and Level Annotations

Branches:
Dungeon (10/15)            Temple (1/1) D:6            Lair (2/6) D:10
Gauntlet (1/1)
  Swamp: Lair:2-4    Shoals: Lair:2-4     Snake: Lair:2-4    Spider: Lair:2-4
    Orc: D:9-12

Altars:
Ashenzari
Cheibriados
Dithmenos
Hepliaklqana
Kikubaaqudgha
Makhleb
Nemelex Xobeh
Okawaru
Qazlal
Ru
Sif Muna
Trog
Uskayaw
Vehumet
Wu Jian
Xom
Yredelemnul
Zin
The Shining One

Shops:
D:2 (   D:6 **   D:8 (

Annotations:
Lair:1 1 runed translucent door, 0gre's ghost, journeyman GnIE Gauntlet 5 transporters


Innate Abilities, Weirdness & Mutations

Your dull iron-grey scales are very hard. (AC +13)
You are amphibious.
You cannot fit into any form of body armour.
You are cold-blooded and may be slowed by cold attacks.


Message History

You block the wolf spider's attack.
The wolf spider bites you but does no damage.
You hit the worldbinder but do no damage.
The worldbinder is moderately damaged.
The worldbinder calls forth creatures from the Spider Nest!
The wolf spider misses you. You block the wolf spider's attack.
You hit the worldbinder.
The worldbinder is moderately damaged.
The worldbinder hits you.
* * * LOW HITPOINT WARNING * * *
The worldbinder closely misses you.
The wolf spider hits you but does no damage.
The wolf spider closely misses you.
You hit the worldbinder but do no damage.
You tail-slap the worldbinder, but do no damage.
The worldbinder is moderately damaged.
The wolf spider hits you.
* * * LOW HITPOINT WARNING * * *
The wolf spider bites you!
* * * LOW HITPOINT WARNING * * *
The wolf spider hits you.
* * * LOW HITPOINT WARNING * * *
The wolf spider bites you.
* * * LOW HITPOINT WARNING * * *
You are lethally poisoned!
The wolf spider poisons you! The worldbinder closely misses you.
The worldbinder hits you but does no damage.
Okay, then.
Okay, then.
Unknown command.
Casting: Flame Wave (dangerous; 4% risk of failure)
Confirm with . or Enter, or press ? or * to list all spells.
Okay, then.
You feel better. The wolf spider hits you!
* * * LOW HITPOINT WARNING * * *
The wolf spider barely misses you. The wolf spider hits you.
* * * LOW HITPOINT WARNING * * *
The wolf spider bites you but does no damage.
The wolf spider hits you!
You die...

## ### ##
###≈###≈###≈###≈###≈
≈#≈≈≈#≈≈≈#≈≈≈#≈≈≈#≈≈
....................
.#########...#######
.#.....÷.#.8.#..... .8
.#..##..##...#.#.###.#..
.#.##..#######.ss###$###
©###^©##©#©.©#.x@###©#©
.##..##.)#.8.#.##s..?#.8
.#..##...#...#.##....#..
.#.......#.8.#.......#.8
.#########...#########..
.........#.8.........#.8
.#########...#########..
.#.....35#.8.#434..."#.8
.###.###5#...#4##.##.#.


You could see 3 wolf spiders and a worldbinder.

Vanquished Creatures
  2 hydras (Lair:1)
  2 two-headed ogres (D:9)
  Joseph (D:9)
  A torpor snail (Gauntlet)
  3 cane toads (Lair:1)
  An unseen horror (D:10)
  6 komodo dragons
  2 rime drakes (Lair:1)
  A troll (D:10)
  2 hornets
  Grinder (D:5)
  5 blink frogs (Lair:1)
  A wyvern (D:10)
  8 yaks
  3 hogs (D:7)
  A human (D:7)
  3 wargs (D:9)
  3 vampire mosquitoes (D:10)
  2 steam dragons
  An acid dragon (D:10)
  4 water moccasins
  7 orc warriors
  2 sky beasts
  4 black bears
  A necrophage (D:6)
  2 ogres
  2 centaurs
  A boggart (Gauntlet)
  3 wolves (Gauntlet)
  2 phantoms (D:5)
  3 kobold brigands
  Blork the orc (D:5)
  6 bullfrogs
  A scorpion (D:7)
  A water moccasin skeleton (D:6)
  13 killer bees
  2 electric eels (D:10)
  5 wights (D:6)
  3 centaur zombies
  A bullfrog skeleton (D:5)
  7 orc priests
  2 iguanas
  11 orc wizards
  A hound skeleton (D:4)
  Robin (D:2)
  A howler monkey zombie (D:10)
  A howler monkey skeleton (D:7)
  10 adders
  A shadow imp (D:7)
  2 white imps
  An ufetubus (D:4)
  6 dart slugs
  55 orcs
  6 bats
  2 endoplasms
  A giant cockroach (D:1)
  11 goblins
  9 hobgoblins
  2 jackals (D:4)
  4 quokkas
  3 training dummies (D:8)
  5 ball pythons
  3 frilled lizards
  18 kobolds
  10 rats
  A bush (Lair:1)
287 creatures vanquished.

Vanquished Creatures (collateral kills)
  4 foxfires
4 creatures vanquished.

Vanquished Creatures (others)
  188 foxfires
  8 fungi (Lair:1)
  46 plants
242 creatures vanquished.

Grand Total: 533 creatures vanquished

Notes
Turn   | Place    | Note
-------+----------+-------------------------------------------
     0 | D:1      | croobank the Draconian Fire Elementalist began the quest
                  | for the Orb.
     0 | D:1      | Reached XP level 1. HP: 14/14 MP: 3/3
   208 | D:1      | Found a faded altar of an unknown god.
   338 | D:1      | Reached XP level 2. HP: 20/20 MP: 1/5
   341 | D:1      | Learned a level 2 spell: Scorch
   763 | D:2      | Reached skill level 1 in Fighting
   942 | D:2      | Found Yreptyx's Weapon Boutique.
  1085 | D:2      | Reached XP level 3. HP: 29/29 MP: 1/6
  1327 | D:2      | Identified the +0 helmet of Crawling {rC+ rN+ Slay+2}
  1327 | D:2      | Noticed Robin
  1732 | D:3      | Reached XP level 4. HP: 33/38 MP: 0/7
  1776 | D:2      | Killed Robin
  2750 | D:4      | Noticed an ogre
  2769 | D:3      | Reached XP level 5. HP: 33/46 MP: 1/8
  3334 | D:3      | Found a glowing golden altar of the Shining One.
  3336 | D:3      | Noticed an angel
  3373 | D:3      | Found a basalt altar of Yredelemnul.
  3375 | D:3      | Noticed a profane servitor
  4003 | D:4      | Reached XP level 6. HP: 52/52 MP: 2/10
  4213 | D:4      | Noticed an orc warrior
  4234 | D:3      | Killed an orc warrior
  4474 | D:4      | Learned a level 4 spell: Flame Wave
  4506 | D:4      | Learned a level 3 spell: Conjure Flame
  4590 | D:4      | Found a shimmering altar of Xom.
  4590 | D:4      | Found a shimmering altar of Xom.
  4590 | D:4      | Found a shimmering altar of Xom.
  4592 | D:4      | Found a shimmering altar of Xom.
  4594 | D:4      | Found a shimmering altar of Xom.
  4594 | D:4      | Found a shimmering altar of Xom.
  4596 | D:4      | Found a shimmering altar of Xom.
  4676 | D:4      | Your scales start taking on a dull iron-grey colour.
  4676 | D:4      | Reached XP level 7. HP: 59/59 MP: 7/12
  4969 | D:5      | Entered Level 5 of the Dungeon
  4988 | D:5      | Noticed Blork the orc
  4993 | D:5      | Killed Blork the orc
  5171 | D:5      | Reached skill level 5 in Fire Magic
  5268 | D:5      | Found a broken altar of Ashenzari.
  5664 | D:5      | Noticed Grinder
  5672 | D:5      | Killed Grinder
  5673 | D:5      | Reached XP level 8. HP: 54/66 MP: 2/15
  5928 | D:5      | Reached skill level 5 in Spellcasting
  5928 | D:5      | Reached skill level 5 in Conjurations
  6261 | D:6      | Found Ulaogum's Overcharged Wands.
  6356 | D:6      | Found Agulika's General Store.
  6363 | D:6      | Bought 2 scrolls of identify for 56 gold pieces
  6363 | D:6      | Bought a scroll of identify for 28 gold pieces
  6672 | D:6      | Found a radiant altar of Vehumet.
  6746 | D:6      | Found a staircase to the Ecumenical Temple.
  7010 | D:6      | Reached XP level 9. HP: 59/71 MP: 10/18
  7139 | D:6      | Learned a level 2 spell: Ensorcelled Hibernation
  7148 | D:6      | Learned a level 8 spell: Maxwell's Capacitive Coupling
  7480 | D:7      | Reached skill level 1 in Air Magic
  8039 | D:7      | Reached skill level 5 in Air Magic
  8511 | Temple   | Entered the Ecumenical Temple
  8518 | Temple   | Became a worshipper of Warmaster Okawaru
  9229 | D:8      | Found Ydeyxok's Firing Range.
  9530 | D:8      | Reached skill level 1 in Invocations
  9530 | D:8      | Reached XP level 10. HP: 70/78 MP: 6/19
  9843 | D:8      | Reached * piety under Okawaru
  9844 | D:8      | Reached skill level 2 in Invocations
  9948 | D:8      | Found an ornate altar of the Wu Jian Council.
  9979 | D:8      | Found a snail-covered altar of Cheibriados.
 10017 | D:8      | Found a glowing silver altar of Zin.
 10733 | D:9      | Noticed a two-headed ogre
 10750 | D:9      | Killed a two-headed ogre
 10751 | D:9      | Reached skill level 3 in Invocations
 10885 | D:8      | Reached skill level 4 in Invocations
 11069 | D:9      | Reached ** piety under Okawaru
 11190 | D:9      | Noticed Joseph
 11201 | D:9      | Killed Joseph
 11635 | D:9      | Reached skill level 5 in Invocations
 11722 | D:9      | Noticed a two-headed ogre
 11733 | D:9      | Killed a two-headed ogre
 11870 | D:9      | Reached skill level 6 in Invocations
 11969 | D:9      | Found a sacrificial altar of Ru.
 12048 | D:9      | Found a burning altar of Makhleb.
 12160 | D:10     | Entered Level 10 of the Dungeon
 12621 | D:10     | Found a staircase to the Lair.
 12770 | D:10     | Reached *** piety under Okawaru
 13035 | D:9      | Reached skill level 7 in Invocations
 13156 | D:10     | Reached XP level 11. HP: 63/84 MP: 13/22
 14482 | Lair:1   | Entered Level 1 of the Lair of Beasts
 14513 | Lair:1   | Reached **** piety under Okawaru
 14514 | Lair:1   | Reached skill level 8 in Invocations
 14683 | Lair:1   | Noticed a four-headed hydra
 14694 | Lair:1   | Killed a four-headed hydra
 14811 | Lair:1   | Reached skill level 9 in Invocations
 15318 | Lair:1   | Reached ***** piety under Okawaru
 16230 | Lair:1   | Found a basalt altar of Yredelemnul.
 16396 | Lair:1   | Found a runed translucent door.
 16401 | Lair:1   | Learned a level 3 spell: Swiftness
 16404 | Lair:1   | Learned a level 2 spell: Passwall
 16406 | Lair:1   | Noticed 0gre's ghost (journeyman GnIE)
 16407 | Lair:1   | Identified the +6 trident "Arcanum" {antimagic, *Noise rC-
                  | Str+9}
 16408 | Lair:1   | Noticed a spriggan rider
 16533 | Lair:1   | Noticed an eight-headed hydra
 16581 | Lair:1   | Reached skill level 10 in Invocations
 16844 | Lair:1   | Killed an eight-headed hydra
 17430 | Lair:2   | Identified the +0 pair of boots of the Morning {Fly Str+3}
                  | (Okawaru gifted it to you on level 2 of the Lair of Beasts)
 17430 | Lair:2   | Received a gift from Okawaru
 17474 | Lair:2   | Reached XP level 12. HP: 79/91 MP: 4/24
 17614 | Lair:2   | Found a gate leading to a gauntlet.
 17620 | Gauntlet | Entered a Gauntlet
 17620 | Gauntlet | Found a transporter.
 17620 | Gauntlet | Found a transporter.
 17627 | Gauntlet | Found a transporter.
 17841 | Gauntlet | Found a transporter.
 17841 | Gauntlet | Found a transporter.
 17842 | Gauntlet | Found a transporter.
 17858 | Gauntlet | Found a transporter.
 17858 | Gauntlet | Found a transporter.
 17882 | Gauntlet | HP: 3/91 [wolf spider[a worldbinder] (3)]
 17882 | Gauntlet | Mangled by a wolf spider

Illustrated notes

Levels and vault maps discovered:
D:1:      evilmike_arrival_plus, layout_basic, shapermc_ecumenical_altar_ellora
D:2:      layout_loops_corners, serial_shops, nicolae_shop_statue_plus,
          minmay_heptomino_w4, uniq_robin
D:3:      layout_loops_ring, grunt_temple_overflow_holy_war
D:4:      layout_gridville, nicolae_xom_altar_mimics
D:5:      layout_rooms, general_overflow_altar, kennysheep_cross_bottleneck,
          uniq_grinder, uniq_blork_the_orc
D:6:      layout_loops_ring, kennysheep_mini, minmay_temple_entry_from_below_a,
          serial_shops, shop, nicolae_shop_overcharged_wands
D:7:      layout_loops_ring, nicolae_benzene_ring, minivault_22,
          minmay_misc_feat_five, grunt_livestock, hangedman_decor_peaks_small
D:8:      layout_basic, mainiacjoe_overflow_two_lobes, amcnicky_altar_gilded,
          nicolae_shop_firing_range
D:9:      layout_loops_ring, amethyst_overflow_temple_binary, uniq_joseph
D:10:     layout_irregular_city, erik_lair_orcish_takeover, serial_bayou,
          serial_bayou_pond_a, serial_bayou_lagoon_a, serial_bayou_pond_c,
          serial_bayou_shore_b, lightli_orcish_oven
Temple:   nicolae_temple_x_marks_the_god
Lair:1:   layout_cave_pods, portal_ice_cave_entry_pillars_2,
          ebering_ghost_funeral_grove, basic_altar
Lair:2:   layout_loops_ring, gauntlet_entry_generic,
          chequers_serial_rivers_micro_a, uniq_harold
Gauntlet: minmay_gauntlet_77_indecision [minmay_gauntlet_arena_77_two_lines,
          minmay_gauntlet_arena_77_broken_ladder,
          minmay_gauntlet_arena_77_block_sizes, minmay_gauntlet_arena_77_braids,
          minmay_gauntlet_arena_77_radiant_squares,
          minmay_gauntlet_arena_77_tiled_triplets, gauntlet_exit_watery]

Skill      XL: |  1  2  3  4  5  6  7  8  9 10 11 |
---------------+----------------------------------+-----
Stealth        | 2 |  2.0
Fighting       | 2 3 4 |  4.1
Conjurations   | 2 3 4 6 |  6.3
Spellcasting   | 3 4 6 7 8 |  8.9
Fire Magic     | 4 5 7 |  7.0
Air Magic      | 6 7 9 |  9.0
Invocations    | 1 7 10 | 10.8
Dodging        | |  1.9

Action                   |  1- 3 |  4- 6 |  7- 9 | 10-12 || total
-------------------------+-------+-------+-------+-------++-------
Melee: Short sword       |    37 |    65 |       |       ||   102
       Tailslap          |     4 |     6 |    36 |    18 ||    64
       Punch             |       |     2 |     4 |     5 ||    11
       Falchion          |       |    19 |    89 |       ||   108
       Flail             |       |       |    97 |   111 ||   208
 Fire: Shortbow          |       |       |       |    11 ||    11
       Hand crossbow     |       |       |       |     5 ||     5
 Cast: Foxfire           |    32 |    22 |    19 |    49 ||   122
       Scorch            |    20 |    60 |   104 |   193 ||   377
       Flame Wave        |       |       |     3 |    20 ||    23
Invok: Heroism           |       |       |       |     2 ||     2
       Finesse           |       |       |       |     1 ||     1
  Use: Scroll            |       |    11 |     5 |     7 ||    23
       Potion            |       |       |       |     4 ||     4
Armor: Skin              |     9 |    38 |   123 |   154 ||   324
Dodge: Dodged            |    31 |    85 |   187 |   236 ||   539
Block: Other             |       |       |       |    45 ||    45
